 Dungeon Crawl Stone Soup version 0.29-a0-559-g359e09b9d1 (webtiles) character file.

Game seed: 6432801975788357236

365 ZappyNine the Gusty (level 6, -6/46 HPs)
             Began as a Barachi Air Elementalist on June 9, 2022.
             Killed by divine providence
             ... invoked by an orc priest
              (11 damage)
             ... on level 4 of the Dungeon.
             The game lasted 00:08:59 (5178 turns).

ZappyNine the Gusty (Barachi Air Elementalist)      Turns: 5178, Time: 00:09:00

Health: -6/46      AC:  3    Str: 10    XL:     6   Next: 68%
Magic:  1/11       EV: 12    Int: 23    God:
Gold:   105        SH:  0    Dex: 12    Spells: 1/11 levels left

rFire   . . .      SeeInvis .   c - +0 club
rCold   . . .      Faith    .   (no shield)
rNeg    . . .      Spirit   .   a - +0 robe
rPois   .          Reflect  .   t - +0 helmet
rElec   .          Harm     .   (no cloak)
rCorr   .          Rampage  .   (no gloves)
Will    .....                   (no boots)
Stlth   ++........              (no amulet)
HPRegen 0.15/turn               s - +6 ring of intelligence
MPRegen 0.12/turn               (no ring)

@: swift, unable to hop, quick
A: amphibious, slowness 1, strong legs 1, +LOS
a: Hop


You were on level 4 of the Dungeon.
You visited 1 branch of the dungeon, and saw 4 of its levels.

You collected 105 gold pieces.

Inventory:

Hand Weapons
 c - a +0 club (weapon)
Missiles
 q - 2 throwing nets
Armour
 a - a +0 robe (worn)
 t - a +0 helmet (worn)
Jewellery
 s - a +6 ring of intelligence (left hand)
Wands
 r - a wand of paralysis (5)
Scrolls
 b - a scroll of enchant armour {unknown}
 d - 2 scrolls of poison {unknown}
 f - a scroll of fog {unknown}
 i - 3 scrolls of vulnerability {unknown}
 j - a scroll of teleportation {unknown}
 k - 5 scrolls of identify {unknown}
 l - 2 scrolls of fear {unknown}
 o - a scroll of blinking {unknown}
 p - a scroll of immolation {unknown}
Potions
 g - a potion of lignification {unknown}
 h - 2 potions of might {unknown}
 m - a potion of berserk rage {unknown}
 n - a potion of degeneration {unknown}


   Skills:
 - Level 2.7 Fighting
 - Level 2.1 Dodging
 - Level 1.7 Stealth
 - Level 3.3 Spellcasting
 - Level 3.3 Conjurations
 + Level 5.9 Air Magic


You had one spell level left.
You knew the following spells:

 Your Spells              Type           Power      Damage    Failure   Level
a - Shock                 Conj/Air       100%       1d9       1%          1
b - Static Discharge      Conj/Air       25%        N/A       2%          2
c - Swiftness             Air            31%        N/A       3%          3
d - Airstrike             Air            15%        N/A       10%         4

Your spell library contained the following spells:

 Spells                   Type           Power      Damage    Failure   Level


Dungeon Overview and Level Annotations

Branches:
Dungeon (4/15)
 Temple: D:4-7

Altars:
Qazlal
Xom

Annotations:
D:3 1 runed translucent door, Crazy Yiuf


Innate Abilities, Weirdness & Mutations

You are amphibious.
You cover ground slowly.
You can hop short distances.
You have an extended range of vision and can be seen from far away.


Message History

You kill the kobold!
You are struck by an arc of lightning.
* * * LOW HITPOINT WARNING * * *
The lightning grounds out.
The adder bites you.
* * * LOW HITPOINT WARNING * * *
Unknown command.
Unknown command.
Unknown command.
Found an emerald potion and a scroll labelled ZALUIFOURO.
The adder barely misses you.
Things that are here:
a +4 short sword; 4 stones; a kobold corpse The adder attacks as you move away!
The adder closely misses you.
Found 15 gold pieces.
Found a stone staircase leading up.
Casting: Static Discharge (safe; 2% risk of failure)
Confirm with . or Enter, or press ? or * to list all spells.
Aiming: Shock (safe; 1% risk of failure)
Press: ? - help, Shift-Dir - straight line The zap hits the adder!
You kill the adder!
Unknown command.
Unknown command.
Casting: Shock (safe; 1% risk of failure)
Confirm with . or Enter, or press ? or * to list all spells.
You don't have enough magic to cast this spell.
Casting: Shock (safe; 1% risk of failure)
Confirm with . or Enter, or press ? or * to list all spells.
Aiming: Shock (safe; 1% risk of failure)
Press: ? - help, Shift-Dir - straight line, f - orc
Aim: an orc, wielding a +0 falchion and wearing a +0 leather armour (74% to hit)
The zap hits the orc priest.
The orc priest is heavily wounded.
The zap hits the orc.
The orc is moderately wounded.
Unknown command.
Unknown command.
You see here 2 white potions.
The orc priest mumbles some strange prayers to Beogh against you.
Beogh smites you!
You die...

#.# #.... #.#
#####.########...# #.#
.................# #.#
#####.########.#.###########.#
#####.## #.......$ ........<#
.......# #.##...# ##########
#####..# #.##...##
#.o###.#......##
#....o##....@<.#
#/####.#......##
#.....o.o....## ######....#.##
....#?.#.# ####....#..
####.#### #.# #.#


You could see an orc priest and an orc.

Vanquished Creatures
  A phantom (D:4)
  A scorpion (D:3)
  A hound (D:4)
  Ijyb (D:3)
  An iguana (D:4)
  4 gnolls (D:3)
  4 adders
  2 dart slugs
  A worm (D:4)
  2 orcs (D:4)
  8 ball pythons
  5 bats
  6 endoplasms
  3 goblins
  5 hobgoblins
  5 jackals
  A quokka (D:1)
  5 frilled lizards
  7 kobolds
  6 rats
69 creatures vanquished.

Notes
Turn   | Place    | Note
-------+----------+-------------------------------------------
     0 | D:1      | ZappyNine the Barachi Air Elementalist began the quest for
                  | the Orb.
     0 | D:1      | Reached XP level 1. HP: 13/13 MP: 3/3
   351 | D:1      | Reached XP level 2. HP: 20/20 MP: 3/5
   529 | D:1      | Found a faded altar of an unknown god.
   613 | D:1      | Reached skill level 1 in Fighting
   740 | D:1      | Learned a level 2 spell: Static Discharge
   987 | D:1      | Reached XP level 3. HP: 19/26 MP: 3/6
  1709 | D:2      | Found Dudail's Weapon Boutique.
  2065 | D:2      | Noticed a phantom
  2102 | D:3      | Learned a level 3 spell: Swiftness
  2115 | D:3      | Found a stormy altar of Qazlal.
  2237 | D:3      | Reached XP level 4. HP: 32/32 MP: 4/8
  2496 | D:3      | Noticed a scorpion
  2501 | D:3      | Killed a scorpion
  2502 | D:3      | Reached skill level 4 in Air Magic
  2502 | D:3      | Reached XP level 5. HP: 11/38 MP: 0/9
  2793 | D:3      | Found a runed translucent door.
  2794 | D:3      | Noticed Crazy Yiuf
  3143 | D:3      | Noticed Ijyb
  3155 | D:3      | Paralysed by Ijyb for 4 turns
  3173 | D:3      | Paralysed by Ijyb for 5 turns
  3178 | D:3      | Killed Ijyb
  3938 | D:3      | Learned a level 4 spell: Airstrike
  4195 | D:4      | Found a shimmering altar of Xom.
  4210 | D:4      | Reached XP level 6. HP: 46/46 MP: 1/11
  4567 | D:4      | Reached skill level 5 in Air Magic
  5161 | D:4      | HP: 2/46 [/static electricity (1)]
  5178 | D:4      | Killed from afar by an orc priest

Illustrated notes

Levels and vault maps discovered:
D:1:      minmay_arrival_glassed_features, layout_basic,
          ebering_ecumenical_altar_abandoned, nicolae_figureground_sparkle
D:2:      layout_rooms, serial_shops, nicolae_shop_bloodbath_and_beyond,
          uniq_robin, uniq_terence
D:3:      layout_loops_cross, mainiacjoe_overflow_boulevard,
          uniq_crazy_yiuf_cottage, uniq_ijyb
D:4:      layout_loops_ring, general_overflow_altar

Skill      XL: |  1  2  3  4  5  6 |
---------------+-------------------+-----
Fighting       | 1 2 |  2.7
Conjurations   | 2 3 |  3.3
Spellcasting   | 3 |  3.3
Air Magic      | 4 5 |  5.9
Dodging        | |  2.1
Stealth        | |  1.7

Action                   |  1- 3 |  4- 6 || total
-------------------------+-------+-------++-------
Melee: Unarmed           |    10 |       ||    10
       Club              |    46 |    70 ||   116
 Cast: Shock             |    31 |    22 ||    53
       Static Discharge  |     9 |    21 ||    30
       Airstrike         |       |    10 ||    10
       Swiftness         |       |     1 ||     1
 Abil: Hop               |     3 |     3 ||     6
  Use: Potion            |       |     4 ||     4
 Stab: Sleeping          |     1 |       ||     1
Armor: Robe              |    17 |    21 ||    38
Dodge: Dodged            |    73 |    68 ||   141

Table legend: (Time is in decaauts)
 A = Elapsed time spent in this place.
 B = Non-inter-level travel time spent in this place.
 C = Inter-level travel time spent in this place.
 D = Time resting spent in this place.
 E = Time spent auto-exploring this place.
 F = Levels seen in this place.
 G = Mean time per level.
                   A        B        C        D        E       F      G
               +--------+--------+--------+--------+--------+-----+--------+
         Total |   5575 |   5501 |     74 |   2170 |   2596 |   4 | 1393.8 |
       Dungeon |   5575 |   5501 |     74 |   2170 |   2596 |   4 | 1393.8 |
               +--------+--------+--------+--------+--------+-----+--------+

Top non-repeatable levels by time:
     D:1: 1839 daAuts
     D:3: 1729 daAuts
     D:4: 1110 daAuts
     D:2: 895 daAuts
